 Dungeon Crawl Stone Soup version 0.29.1-2-gbd0b4ee654 (webtiles) character file.

Game seed: 15385715600654414129

2426 hilljack the Martial Artist (level 9, 0/82 HPs)
             Began as a Minotaur Transmuter on Nov 12, 2022.
             Was a Priest of Okawaru.
             Killed from afar by an oklob sapling (22 damage)
             ... with a splash of acid
             ... on level 6 of the Dungeon.
             The game lasted 00:17:34 (8694 turns).

hilljack the Martial Artist (Minotaur Transmuter)   Turns: 8694, Time: 00:17:35

Health: 0/82       AC:  3    Str: 14    XL:     9   Next: 24%
Magic:  10/10      EV: 13    Int: 18    God:    Okawaru [***...]
Gold:   254        SH:  0    Dex: 14    Spells: 4/10 levels left

rFire   . . .      SeeInvis +     - Unarmed
rCold   . . .      Faith    .   (no shield)
rNeg    . . .      Spirit   .   k - +0 leather armour
rPois   .          Reflect  .   (helmet restricted)
rElec   .          Harm     .   B - scarf {repulsion}
rCorr   .          Rampage  .   u - +1 pair of gloves
Will    .....                   i - +0 pair of boots
Stlth   +.........              o - amulet of magic regeneration
HPRegen 0.23/turn               h - ring of see invisible
MPRegen 0.52/turn               l - +6 ring of intelligence

@: corroded, repel missiles
A: horns 2, retaliatory headbutt
a: Renounce Religion, Heroism


You were on level 6 of the Dungeon.
You worshipped Okawaru.
Okawaru was most pleased with you.
You visited 1 branch of the dungeon, and saw 6 of its levels.

You collected 254 gold pieces.

Inventory:

Missiles
 a - a throwing net
 d - 10 poisoned darts
 p - 16 stones
 v - 4 javelins
 x - a curare-tipped dart
 y - a boomerang
Armour
 f - a +0 robe of cold resistance
 i - a +0 pair of boots (worn)
 k - a +0 leather armour (worn)
 r - a +0 cloak
 u - a +1 pair of gloves (worn)
 B - a scarf of repulsion (worn)
Jewellery
 h - a ring of see invisible (left hand)
 l - a +6 ring of intelligence (right hand)
 n - a ring of fire
 o - an amulet of magic regeneration (around neck)
 A - a ring of positive energy
Wands
 b - a wand of digging (3)
 g - a wand of flame (3) (quivered)
Scrolls
 e - a scroll of identify
 q - 3 scrolls of enchant weapon
 z - 2 scrolls of brand weapon
Potions
 c - a potion of resistance
 j - 2 potions of haste {unknown}
 m - 2 potions of heal wounds {unknown}
 s - a potion of mutation {unknown}
 t - 2 potions of might
 w - a potion of attraction {unknown}


   Skills:
 + Level 8.5 Fighting
 - Level 3.0 Throwing
 - Level 5.0 Armour
 - Level 5.0 Dodging
 + Level 9.0 Unarmed Combat
 - Level 1.3 Spellcasting
 - Level 1.5 Transmutations


You had 4 spell levels left.
You knew the following spells:

 Your Spells              Type           Power      Damage    Failure   Level
a - Beastly Appendage     Tmut           12%        N/A       13%         1
b - Wereblood             Tmut           6%         N/A       19%         2
c - Spider Form           Tmut/Pois      4%         N/A       45%         3

Your spell library contained the following spells:

 Spells                   Type           Power      Damage    Failure   Level
 Necrotise                Necr           4%         1d4       24%         1
 Blink                    Tloc           2%         N/A       34%         2
 Lesser Beckoning         Tloc           1%         N/A       56%         3
 Vampiric Draining        Necr           1%         2d6       56%         3
 Ice Form                 Ice/Tmut       4%         N/A       86%         4
 Agony                    Necr           1%         N/A       100%        5
 Manifold Assault         Tloc           1%         N/A       100%        5


Dungeon Overview and Level Annotations

Branches:
Dungeon (6/15) Zot: 24651  Temple (0/1) D:6

Altars:
Dithmenos
Hepliaklqana
Nemelex Xobeh
Okawaru
Trog
Xom
Yredelemnul
The Shining One

Annotations:
D:6 exclusion: oklob sapling


Innate Abilities, Weirdness & Mutations

You have a pair of horns on your head.
You reflexively headbutt those who attack you in melee.


Message History

The puff of flame hits the oklob sapling.
The oklob sapling is lightly damaged.
Aiming: Throw Flame
Press: ? - help, Q - select action, (/) - cycle Shift-Dir - straight line, f/p - oklob sapling
Aim: an oklob sapling (lightly damaged, 100% to hit)
The puff of flame hits the oklob sapling!
The oklob sapling is heavily damaged.
Aiming: Throw Flame
Press: ? - help, Q - select action, (/) - cycle Shift-Dir - straight line, f/p - oklob sapling
Aim: an oklob sapling (heavily damaged, 100% to hit)
The puff of flame hits the oklob sapling but does no damage.
The oklob sapling is heavily damaged.
Aiming: Throw Flame
Press: ? - help, Q - select action, (/) - cycle Shift-Dir - straight line, f/p - oklob sapling
Aim: an oklob sapling (heavily damaged, 100% to hit)
The puff of flame hits the oklob sapling.
The oklob sapling is severely damaged.
Aiming: Throw Flame
Press: ? - help, Q - select action, (/) - cycle Shift-Dir - straight line, f/p - oklob sapling
Aim: an oklob sapling (severely damaged, 100% to hit)
The puff of flame hits the oklob sapling.
The oklob sapling is severely damaged.
The oklob sapling spits acid at you. The splash of acid hits you!!
The acid corrodes you!
Aiming: Throw Flame
Press: ? - help, Q - select action, (/) - cycle Shift-Dir - straight line, f/p - oklob sapling
Aim: an oklob sapling (severely damaged, 100% to hit)
The puff of flame hits the oklob sapling.
The oklob sapling is severely damaged.
The oklob sapling spits acid at you. The splash of acid hits you!
* * * LOW HITPOINT WARNING * * *
Aiming: Throw Flame
Press: ? - help, Q - select action, (/) - cycle Shift-Dir - straight line, f/p - oklob sapling
Aim: an oklob sapling (severely damaged, 100% to hit)
The puff of flame hits the oklob sapling.
The oklob sapling is almost destroyed.
The oklob sapling spits acid at you. The splash of acid hits you!!
You die...

#....'..+...#.........#.....#
##....########.........#######
.........##.#....####...
.........#..#....'..#..
.........#..'....#..'..
.........####....#..#..
###'##..........##..# .
#..#..........#...#
#..'..........@...#
#..#.[........#...# #
#.##..........##..#
###.#.....####### .P..
#...#.....# ..P.P #...#.....#
P.... #####.....###+## .>..
...............# .PP.
...............#


You could see an oklob sapling.

Vanquished Creatures
  Menkaure (D:4)
  2 water moccasins (D:5)
  An orc warrior (D:5)
  A sky beast (D:5)
  2 black bears
  3 centaurs
  3 phantoms
  A kobold brigand (D:5)
  A bullfrog (D:6)
  A gnoll sergeant (D:4)
  4 scorpions
  2 howler monkeys
  4 hounds (D:5)
  3 jellies
  An orc priest (D:5)
  Terence (D:3)
  Ijyb (D:3)
  6 iguanas
  2 orc wizards
  3 gnolls (D:4)
  12 adders
  3 ufetubi (D:5)
  A worm (D:2)
  8 dart slugs
  9 orcs
  10 ball pythons
  2 bats (D:3)
  2 endoplasms
  6 giant cockroaches
  7 goblins
  6 hobgoblins
  10 jackals
  4 quokkas
  3 frilled lizards (D:1)
  12 kobolds
  10 rats
  A spectral orc (D:5)
149 creatures vanquished.

Vanquished Creatures (others)
  18 plants (D:6)
18 creatures vanquished.

Grand Total: 167 creatures vanquished

Notes
Turn   | Place    | Note
-------+----------+-------------------------------------------
     0 | D:1      | hilljack the Minotaur Transmuter began the quest for the
                  | Orb.
     0 | D:1      | Reached XP level 1. HP: 16/16 MP: 1/1
   407 | D:1      | Reached XP level 2. HP: 23/24 MP: 3/3
   610 | D:1      | Reached skill level 4 in Unarmed Combat
   646 | D:1      | Found a faded altar of an unknown god.
   652 | D:1      | Prayed at the altar of an unknown god.
   652 | D:1      | Became a worshipper of Warmaster Okawaru
   652 | D:1      | Reached * piety under Okawaru
   765 | D:1      | Reached XP level 3. HP: 23/29 MP: 4/4
   866 | D:1      | You fall into a shaft and drop 1 floor!
   890 | D:2      | Noticed a black bear
   914 | D:2      | Killed a black bear
   915 | D:2      | Reached skill level 5 in Unarmed Combat
   915 | D:2      | Reached XP level 4. HP: 38/38 MP: 5/5
  1053 | D:2      | Reached XP level 5. HP: 42/45 MP: 6/6
  2067 | D:1      | Reached skill level 1 in Throwing
  2492 | D:3      | Found a hazy altar of Hepliaklqana.
  2505 | D:3      | Learned a level 2 spell: Wereblood
  2567 | D:3      | Noticed Terence
  2576 | D:3      | Killed Terence
  2612 | D:3      | Found a glowing golden altar of the Shining One.
  2722 | D:3      | Reached ** piety under Okawaru
  2847 | D:3      | Noticed Ijyb
  2856 | D:3      | Killed Ijyb
  2991 | D:3      | Reached XP level 6. HP: 50/50 MP: 7/7
  3429 | D:4      | Learned a level 3 spell: Spider Form
  3431 | D:4      | Found a shimmering altar of Xom.
  4045 | D:4      | Found a large runed translucent door.
  4047 | D:4      | Found a large runed translucent door.
  4292 | D:4      | Reached skill level 1 in Armour
  4545 | D:4      | Found a bloodstained altar of Trog.
  4557 | D:4      | Found a sparkling altar of Nemelex Xobeh.
  4689 | D:5      | Entered Level 5 of the Dungeon
  4689 | D:5      | Noticed Menkaure
  4704 | D:4      | Killed Menkaure
  4705 | D:4      | Reached skill level 5 in Dodging
  4705 | D:4      | Reached XP level 7. HP: 57/57 MP: 8/8
  4805 | D:5      | Reached *** piety under Okawaru
  4809 | D:5      | Found a shadowy altar of Dithmenos.
  4819 | D:5      | Reached skill level 5 in Armour
  5060 | D:4      | Reached skill level 6 in Unarmed Combat
  5421 | D:5      | Reached XP level 8. HP: 54/67 MP: 9/9
  5425 | D:5      | Received a gift from Okawaru
  5426 | D:5      | Reached skill level 5 in Fighting
  5812 | D:5      | Reached skill level 7 in Unarmed Combat
  6215 | D:5      | Found a basalt altar of Yredelemnul.
  6495 | D:5      | Reached skill level 8 in Unarmed Combat
  6590 | D:5      | Reached **** piety under Okawaru
  7513 | D:5      | Reached XP level 9. HP: 63/81 MP: 10/10
  8160 | D:6      | Reached skill level 9 in Unarmed Combat
  8430 | D:6      | Found a staircase to the Ecumenical Temple.
  8694 | D:6      | Killed from afar by an oklob sapling

Illustrated notes

Levels and vault maps discovered:
D:1:      dpeg_arrival_tiny_f, layout_rooms,
          hellmonk_ecumenical_altar_crossroads, hangedman_decor_growths
D:2:      layout_basic, skrybe_limestone_x
D:3:      layout_loops_ring, nicolae_overflow_hidden_temple,
          mainiacjoe_overflow_24_doors, uniq_terence, uniq_ijyb
D:4:      layout_cave_pools, mainiacjoe_overflow_chevrons, jmf_multi_god_temple2
D:5:      minmay_razor_zed, layout_rooms, yredelemnul_forgotten_temple_becter,
          grunt_dithmenos_shadows, uniq_menkaure
D:6:      layout_gridville, minmay_temple_entry_oklob

Skill      XL: |  1  2  3  4  5  6  7  8  9 |
---------------+----------------------------+-----
Fighting       | 2 3 4 7 8 |  8.5
Unarmed Combat | 4 5 6 8 9 |  9.0
Throwing       | 3 |  3.0
Dodging        | 5 |  5.0
Armour         | 3 5 |  5.0
Spellcasting   | |  1.3
Transmutations | |  1.5

Action                   |  1- 3 |  4- 6 |  7- 9 || total
-------------------------+-------+-------+-------++-------
Melee: Unarmed           |    72 |   159 |   186 ||   417
       Headbutt          |    10 |    21 |    40 ||    71
       Punch             |     1 |     3 |     5 ||     9
       Kick              |       |     1 |     1 ||     2
Throw: Dart              |       |    30 |    13 ||    43
       Stone             |       |     8 |    17 ||    25
       Javelin           |       |    13 |     9 ||    22
       Throwing net      |       |     1 |     1 ||     2
       Boomerang         |       |       |    21 ||    21
 Cast: Beastly Appendage |       |     2 |     1 ||     3
       Wereblood         |       |       |     1 ||     1
Invok: Heroism           |       |       |     2 ||     2
Evoke: Wand              |       |       |    11 ||    11
  Use: Potion            |     1 |     1 |       ||     2
       Scroll            |       |     4 |     6 ||    10
Armor: Robe              |    10 |     9 |       ||    19
       Skin              |     2 |       |       ||     2
       Leather armour    |       |    19 |    69 ||    88
Dodge: Dodged            |    40 |    92 |   186 ||   318
